Map: Dusty Gorge

Players

PureLegacy - Winner!

  • Race: Terran Terran
  • League: Master
  • Spawn Location: 11:00

Apothenes - Winner!

  • Race: Protoss Protoss
  • League: Master
  • Spawn Location: 9:00

Watcho

  • Race: Zerg Zerg
  • Spawn Location: 5:00

KirO

  • Race: Terran Terran
  • Spawn Location: 3:00

VOD

Have the link to the VOD?

Description

Time

  • Played on: Dec. 2, 2018, 5:17 p.m.
  • Length: 6:15
Show
View Real Time Build Order
Export as new Build Order

PureLegacy Terran - Winner!

Build Orders:  

Get SALT Encoding   

  12  0:00  SCV  
  13  0:12  SCV  
  14  0:18  Supply Depot  
  14  0:25  SCV  
  15  0:30  Refinery  
  15  0:40  SCV  
  16  0:52  Barracks  
  16  0:55  SCV  
  17  1:04  Barracks  
  17  1:17  Barracks  
  17  1:23  SCV  
  18  1:40  Reaper  
  18  1:41  Orbital Command  
  19  1:48  Refinery  
  19  1:51  Reaper  
  20  1:59  Supply Depot  
  20  2:08  Reaper  
  21  2:15  Reaper  
  22  2:17  SCV  
  23  2:24  Reaper  
  24  2:30  SCV  
  24  2:31  Supply Depot  
  25  2:40  Reaper  
  26  2:47  Reaper  
  26  2:59  Barracks x2, Reaper  
  26  3:03  SCV  
  28  3:12  Supply Depot  
  28  3:13  Reaper  
  29  3:20  Reaper  
  29  3:21  SCV  
  31  3:31  Reaper  
  32  3:45  Reaper  
  32  3:48  Reaper  
  34  3:52  Reaper  
  35  4:03  Reaper  
  35  4:04  SCV  
  35  4:06  Reaper  
  35  4:07  Command Center  
  38  4:17  Reaper  
  39  4:24  Reaper  
  40  4:33  SCV  
  36  4:55  Barracks Tech Lab  
  36  4:57  SCV  
  36  4:59  Supply Depot, Marine, Command Center  
  36  5:00  Marine x2  
  36  5:06  Factory  
  39  5:10  SCV  
  41  5:19  Marine x3  
  43  5:24  Marine  
  43  5:33  Marine  
  43  5:53  Marine x2  
  43  5:54  Marine x2  
  47  5:59  Starport  
  47  6:00  Factory Reactor  
  47  6:01  SCV  
Show
View Real Time Build Order
Export as new Build Order

Apothenes Protoss - Winner!

Build Orders: Cannon Rush 

Get SALT Encoding   

  12  0:01  Probe  
  13  0:13  Probe  
  14  0:18  Pylon  
  14  0:24  Probe  
  15  0:32  Probe  
  15  0:40  Forge  
  15  0:42  Probe  
  17  0:56  Probe  
  18  1:07  Pylon  
  18  1:08  Probe  
  19  1:20  Probe  
  20  1:26  Photon Cannon  
  20  1:33  Probe  
  21  1:40  Pylon  
  21  1:41  Pylon  
  21  1:52  Photon Cannon x2  
  21  2:02  Pylon  
  21  2:06  Probe  
  22  2:15  Photon Cannon  
  22  2:22  Photon Cannon  
  22  2:24  Photon Cannon  
  22  2:28  Photon Cannon  
  22  2:37  Photon Cannon  
  22  2:40  Pylon  
  22  2:49  Probe  
  22  2:53  Photon Cannon  
  22  3:16  Photon Cannon  
  22  3:24  Nexus  
  22  3:35  Gateway  
  22  3:39  Photon Cannon  
  22  3:40  Probe  
  22  3:44  Assimilator x2  
  22  3:48  Probe  
  23  3:52  Photon Cannon  
  24  3:57  Probe  
  25  4:09  Probe  
  25  4:19  Pylon  
  25  4:22  Cybernetics Core  
  27  4:28  Photon Cannon  
  27  4:32  Probe  
  27  4:36  Probe  
  29  4:44  Probe  
  28  4:49  Gateway  
  28  4:59  Probe x2  
  28  5:00  Stargate  
  30  5:07  Probe x2  
  30  5:10  Assimilator  
  32  5:16  Probe  
  32  5:17  Probe  
  34  5:25  Stargate  
  34  5:28  Probe  
  35  5:29  Pylon  
  35  5:32  Probe  
  36  5:36  Assimilator, Phoenix  
  36  5:40  Probe  
  37  5:45  Probe  
  37  5:48  Probe  
  40  5:53  Probe  
  40  5:56  Probe  
Show
View Real Time Build Order
Export as new Build Order

Watcho Zerg 

Build Orders: Pool First, Ravager All-In 

Get SALT Encoding   

  12  0:00  Drone  
  13  0:08  Drone  
  14  0:26  Spawning Pool  
  13  0:29  Drone  
  13  0:35  Drone, Extractor  
  14  0:41  Extractor  
  14  0:42  Drone  
  14  0:51  Overlord  
  14  1:11  Drone x2  
  16  1:14  Roach Warren  
  15  1:20  Drone  
  16  1:30  Overlord  
  16  1:54  Roach x2  
  20  1:56  Roach  
  22  2:07  Roach  
  24  2:15  Ravager x2  
  26  2:17  Ravager  
  26  2:18  Roach  
  29  2:37  Ravager  
  29  2:38  Overlord  
  30  2:57  Ravager  
  30  2:58  Roach x2  
  35  3:20  Roach  
  35  3:23  Overlord  
  37  3:51  Ravager x2  
  37  3:52  Ravager  
  37  3:53  Roach x3  
  46  4:05  Overlord  
  46  4:23  Queen  
  45  4:43  Roach x3  
  30  4:57  Roach  
  32  5:04  Ravager x2  
  32  5:05  Ravager  
  26  5:22  Ravager x2  
  28  5:41  Zergling x12  
  34  6:09  Hatchery  
Show
View Real Time Build Order
Export as new Build Order

KirO Terran 

Build Orders:  

Get SALT Encoding   

  12  0:00  SCV  
  13  0:13  SCV  
  14  0:18  Supply Depot  
  14  0:25  SCV  
  15  0:31  Refinery  
  15  0:40  SCV  
  16  0:46  Barracks  
  16  0:53  SCV  
  17  1:09  Barracks  
  17  1:11  SCV  
  18  1:23  SCV  
  19  1:30  Refinery  
  19  1:36  Barracks Reactor  
  19  1:44  Supply Depot  
  19  2:01  Reaper  
  19  2:09  Orbital Command  
  19  2:18  Reaper  
  19  2:31  Orbital Command  
  19  2:32  Reaper  
  19  2:33  Reaper  
  18  3:15  SCV  
  18  3:19  Refinery  
  19  3:21  Reaper  
  20  3:27  SCV  
  20  3:51  Marine x2  
  20  3:52  SCV  
  23  3:57  Refinery  
  23  4:04  SCV  
  24  4:14  Supply Depot  
  24  4:16  SCV  
  25  4:17  Reaper  
  25  4:20  Marine  
  25  4:28  SCV  
  25  4:29  Barracks Reactor  
  25  4:38  Reaper  
  25  4:41  SCV  
  27  4:53  SCV  
  27  4:55  Reaper  
  27  4:58  Supply Depot  
  29  5:05  SCV  
  30  5:09  Command Center  
  30  5:10  Reaper  
  30  5:12  Reaper  
  30  5:13  Reaper  
  33  5:17  SCV  
  34  5:27  Reaper  
  34  5:29  SCV  
  23  5:42  Reaper  
  11  5:53  SCV  
Tags
 
Add a new tag
Caveats
  • Supply blocks, unpowered buildings, or Contaminate may cause inaccurate times.
  • Supply counts are checked every 10 seconds.